Map: Acid Plant LE

Players

DnS

  • Race: Protoss Protoss
  • Spawn Location: 5:00

MaSa - Winner!

  • Race: Terran Terran
  • Spawn Location: 11:00

Event: WCS Leipzig 2018

VOD

Have the link to the VOD?

Description

Time

  • Played on: Jan. 26, 2018, 2:50 p.m.
  • Length: 19:49

All games in this series

Show
View Real Time Build Order
Export as new Build Order

DnS Protoss 

Build Orders: Dark Templar Rush 

Get SALT Encoding   

  12  0:00  Probe  
  13  0:12  Probe  
  14  0:19  Pylon  
  14  0:24  Probe  
  15  0:37  Probe (Chrono Boost)  
  15  0:40  Gateway  
  16  0:47  Probe (Chrono Boost)  
  17  0:50  Assimilator  
  17  0:52  Probe (Chrono Boost)  
  18  1:03  Probe  
  19  1:19  Probe  
  20  1:26  Pylon  
  20  1:28  Zealot (Chrono Boost)  
  22  1:35  Probe, Cybernetics Core  
  23  1:50  Probe  
  24  2:02  Probe  
  25  2:10  Stalker  
  25  2:12  Nexus  
  27  2:18  Probe, Warp Gate  
  27  2:21  Assimilator  
  28  2:30  Probe  
  28  2:32  Pylon  
  29  2:47  Probe  
  30  2:52  Twilight Council  
  30  2:57  Stalker  
  32  2:59  Probe  
  33  3:06  Shield Battery  
  33  3:12  Probe (Chrono Boost)  
  32  3:24  Probe (Chrono Boost)  
  32  3:27  Probe (Chrono Boost)  
  34  3:30  Dark Shrine  
  34  3:33  Probe (Chrono Boost)  
  36  3:34  Probe (Chrono Boost)  
  36  3:38  Probe (Chrono Boost)  
  36  3:39  Probe (Chrono Boost), Stalker  
  40  3:50  Probe  
  40  3:51  Probe, Gateway  
  40  3:55  Gateway  
  42  4:04  Blink (Chrono Boost)  
  42  4:14  Probe  
  42  4:15  Probe  
  42  4:16  Assimilator  
  44  4:17  Assimilator, Pylon  
  44  4:26  Pylon  
  44  4:27  Probe (Chrono Boost)  
  44  4:31  Probe (Chrono Boost)  
  46  4:36  Pylon  
  47  4:38  Probe (Chrono Boost)  
  47  4:41  Probe (Chrono Boost)  
  47  4:42  Dark Templar  
  47  4:43  Probe (Chrono Boost)  
  51  4:47  Dark Templar  
  51  4:51  Probe  
  54  4:54  Probe  
  54  4:56  Pylon  
  54  4:57  Stalker  
  57  5:03  Probe  
  54  5:16  Stalker  
  54  5:18  Nexus  
  56  5:22  Stalker  
  56  5:23  Stalker  
  56  5:26  Pylon  
  60  5:30  Probe x2  
  62  5:39  Robotics Facility  
  62  5:43  Stalker  
  62  5:45  Stalker  
  62  5:46  Probe  
  62  5:47  Probe  
  68  5:55  Stalker  
  58  6:11  Stalker x2  
  48  6:18  Probe  
  48  6:20  Stalker  
  48  6:24  Probe (Chrono Boost)  
  48  6:25  Charge (Chrono Boost)  
  47  6:30  Probe (Chrono Boost)  
  48  6:33  Probe (Chrono Boost)  
  48  6:36  Probe (Chrono Boost), Sentry, Dark Templar  
  55  6:41  Probe (Chrono Boost)  
  55  6:42  Probe (Chrono Boost)  
  55  6:43  Probe (Chrono Boost)  
  55  6:44  Pylon  
  55  6:46  Probe (Chrono Boost)  
  57  6:47  Probe (Chrono Boost)  
  57  6:50  Forge x2  
  55  7:02  Sentry x2  
  55  7:03  Immortal (Chrono Boost)  
  55  7:08  Probe  
  64  7:10  Probe  
  64  7:13  Gateway  
  64  7:14  Gateway  
  64  7:15  Gateway  
  65  7:17  Pylon  
  65  7:20  Probe x2  
  67  7:28  Stalker, Dark Templar  
  71  7:30  Stalker  
  73  7:39  Immortal (Chrono Boost)  
  73  7:41  Phoenix  
  77  7:49  Probe x2  
  79  7:54  Stalker x2  
  79  7:57  Probe  
  82  7:59  Protoss Ground Armor Level 1 (Chrono Boost)  
  82  8:01  Probe  
  82  8:05  Probe, Protoss Ground Weapons Level 1 (Chrono Boost)  
  84  8:06  Pylon  
  84  8:09  Probe  
  85  8:13  Probe  
  85  8:14  Warp Prism  
  85  8:15  Pylon  
  88  8:21  Stalker x2, Phoenix  
  88  8:23  Assimilator  
  88  8:24  Pylon  
  92  8:28  Gateway  
  92  8:35  Gateway  
  92  8:44  Zealot x5, Dark Templar  
  104  8:53  Observer  
  105  8:57  Pylon  
  105  8:58  Pylon  
  105  9:05  Zealot x4  
  105  9:06  Zealot  
  115  9:10  Pylon  
  115  9:17  Zealot  
  115  9:19  Archon  
  117  9:26  Zealot x6  
  129  9:36  Dark Templar  
  130  9:45  Dark Templar  
  113  10:17  Protoss Ground Armor Level 2 (Chrono Boost)  
  111  10:26  Pylon x2  
  103  10:39  Pylon  
  103  10:42  Protoss Ground Weapons Level 2 (Chrono Boost)  
  103  10:49  Stalker x4  
  110  10:50  Stalker x4  
  118  10:58  Nexus  
  118  10:59  Probe x2  
  120  11:05  Observer  
  121  11:22  Templar Archives  
  121  11:26  Zealot x6  
  121  11:28  Pylon  
  121  11:32  Pylon  
  133  11:47  Zealot  
  135  12:00  High Templar x3  
  135  12:01  High Templar x3  
  145  12:02  Pylon  
  145  12:05  Archon x3  
  147  12:20  Zealot, Dark Templar  
  150  12:31  Observer  
  150  12:32  Zealot  
  150  12:33  Zealot x4  
  161  12:41  Pylon  
  161  12:44  Pylon  
  157  12:57  Zealot x8  
  149  13:04  Protoss Ground Armor Level 3 (Chrono Boost)  
  129  13:20  High Templar x4  
  129  13:24  Archon x2  
  129  13:25  Nexus  
  137  13:28  Probe x2  
  137  13:29  Probe  
  137  13:32  Dark Templar  
  142  13:34  Zealot  
  144  13:43  Zealot x2  
  144  13:44  Probe x2  
  149  14:03  Probe x2  
  149  14:05  Zealot x8  
  149  14:07  Protoss Ground Weapons Level 3 (Chrono Boost)  
  167  14:25  Gateway  
  167  14:26  Gateway  
  167  14:34  Zealot  
  167  14:35  Zealot x2  
  173  14:49  High Templar x3  
  173  14:50  High Templar  
  181  14:54  Archon x2  
  181  14:59  Assimilator  
  181  15:01  Probe  
  181  15:02  Probe x2, Assimilator  
  181  15:05  Probe  
  185  15:10  Pylon  
  185  15:13  Observer (Chrono Boost), Probe  
  185  15:14  Probe  
  188  15:17  Zealot  
  189  15:26  Observer (Chrono Boost)  
  154  16:16  Pylon  
  154  16:17  Pylon  
  129  16:35  Zealot x5  
  129  16:36  Zealot x2  
  104  16:48  Cybernetics Core  
  91  17:28  Robotics Facility  
  91  17:30  Nexus  
  85  17:51  Dark Templar  
  85  18:04  Dark Templar  
  75  18:17  Observer (Chrono Boost)  
  71  18:31  Observer (Chrono Boost)  
Show
View Real Time Build Order
Export as new Build Order

MaSa Terran - Winner!

Build Orders: MMM Bio 

Get SALT Encoding   

  12  0:00  SCV  
  13  0:12  SCV  
  14  0:18  Supply Depot  
  14  0:24  SCV  
  15  0:40  SCV  
  15  0:42  Barracks  
  16  0:49  Refinery  
  16  0:54  SCV  
  17  1:04  Engineering Bay  
  17  1:09  SCV  
  18  1:21  SCV  
  19  1:30  Marine  
  20  1:33  Orbital Command  
  20  1:53  Barracks Reactor  
  20  1:59  SCV  
  20  2:00  Barracks Tech Lab  
  21  2:08  Command Center  
  21  2:13  SCV  
  22  2:16  Supply Depot  
  22  2:19  Concussive Shells  
  22  2:25  SCV  
  23  2:32  Barracks  
  23  2:37  SCV  
  23  2:38  Marauder  
  23  2:43  Barracks  
  26  2:50  SCV  
  27  2:56  Supply Depot  
  27  2:59  Marauder  
  27  3:04  SCV  
  30  3:10  Stimpack  
  30  3:16  SCV  
  31  3:23  Engineering Bay  
  31  3:24  Marauder  
  33  3:29  Barracks Reactor  
  33  3:31  Refinery  
  33  3:34  Marine  
  33  3:36  SCV  
  33  3:39  Orbital Command  
  35  3:45  Marine  
  36  3:49  SCV  
  36  3:52  Marine  
  36  3:54  Terran Infantry Weapons Level 1  
  38  4:02  SCV  
  39  4:03  Marine  
  39  4:08  SCV  
  38  4:10  Marine x2  
  38  4:13  Barracks Tech Lab  
  38  4:14  SCV  
  39  4:20  SCV  
  39  4:21  Marauder  
  39  4:22  Refinery  
  39  4:23  Supply Depot  
  42  4:26  SCV  
  42  4:30  Marine x2  
  45  4:32  Marauder  
  45  4:34  SCV  
  45  4:38  Combat Shields  
  48  4:40  SCV  
  48  4:42  Marauder  
  51  4:46  Supply Depot  
  51  4:47  Missile Turret  
  51  4:48  SCV  
  51  4:50  Marine  
  51  4:51  Marine  
  54  4:53  Marine  
  54  4:59  Factory  
  55  5:00  SCV  
  55  5:04  Marauder  
  57  5:13  SCV  
  58  5:16  SCV, Marine x2  
  58  5:17  Marauder  
  63  5:25  SCV  
  63  5:26  Marauder  
  63  5:28  SCV  
  67  5:29  Refinery  
  67  5:36  Supply Depot  
  67  5:37  SCV  
  67  5:39  Marine  
  67  5:40  SCV  
  70  5:49  Starport  
  70  5:50  SCV  
  70  5:52  SCV  
  69  6:02  SCV, Marine  
  69  6:03  Marauder  
  67  6:04  SCV  
  67  6:06  Marine  
  67  6:07  Marauder  
  65  6:14  SCV  
  65  6:16  SCV  
  67  6:24  Marauder  
  67  6:26  SCV, Marine x2  
  67  6:28  SCV, Marauder  
  67  6:30  Medivac  
  67  6:32  Factory Reactor  
  71  6:34  Supply Depot  
  71  6:38  SCV  
  72  6:44  Marine x2  
  72  6:46  Command Center  
  73  6:48  SCV  
  73  6:53  Marine, Marauder  
  76  6:56  Terran Infantry Armor Level 1  
  76  6:58  SCV  
  76  7:00  SCV  
  75  7:02  Marine  
  75  7:04  Marine  
  75  7:10  SCV, Barracks  
  75  7:11  Medivac x2, Marauder  
  75  7:13  Barracks  
  82  7:16  Factory Reactor  
  82  7:17  Marauder  
  82  7:22  Marine  
  85  7:25  SCV  
  86  7:30  Supply Depot  
  86  7:32  Supply Depot  
  86  7:34  SCV  
  85  7:37  SCV  
  86  7:45  Marine  
  86  7:46  Marine  
  86  7:52  SCV, Marauder x2  
  86  7:55  SCV  
  86  7:56  Missile Turret  
  82  8:02  Marine  
  82  8:04  SCV, Barracks Tech Lab, Marine, Barracks Reactor  
  84  8:06  Widow Mine x2  
  84  8:09  SCV  
  84  8:10  Refinery, Armory  
  84  8:11  Medivac  
  84  8:12  Refinery  
  91  8:13  Medivac, Marauder x2  
  91  8:19  SCV  
  98  8:20  Marine, Ghost Academy  
  98  8:22  Marine  
  98  8:24  Marauder  
  102  8:29  SCV  
  102  8:32  Supply Depot  
  102  8:33  Supply Depot, Orbital Command  
  103  8:34  Marine  
  103  8:41  Medivac  
  106  8:42  Widow Mine  
  106  8:43  Medivac, Marine x2  
  106  8:46  SCV x2  
  114  8:55  Ghost  
  114  8:56  Ghost  
  114  8:58  SCV x2  
  114  9:00  Terran Infantry Weapons Level 2  
  114  9:02  Marine x2  
  122  9:06  Ghost  
  122  9:07  SCV  
  125  9:10  SCV  
  125  9:11  Supply Depot  
  125  9:13  Supply Depot  
  125  9:14  Marine x2  
  125  9:17  Medivac  
  130  9:21  Medivac  
  132  9:29  Nuke  
  132  9:32  Ghost x2  
  136  9:42  Marine x4, Marauder  
  129  10:26  Command Center  
  129  10:27  Supply Depot x2  
  124  10:44  Supply Depot  
  124  10:45  Supply Depot x2  
  124  10:48  Supply Depot  
  124  10:49  Missile Turret  
  122  10:58  Supply Depot  
  122  11:01  Refinery  
  122  11:06  Medivac x2, Ghost x2  
  122  11:07  Widow Mine x2  
  122  11:09  Supply Depot, Ghost, Marine x4  
  122  11:10  SCV x2, Supply Depot  
  142  11:16  Terran Infantry Weapons Level 3  
  142  11:18  Moebius Reactor  
  142  11:22  SCV x2  
  144  11:28  Supply Depot  
  144  11:31  Marine x3  
  147  11:34  Ghost  
  149  11:40  Medivac x2  
  149  11:44  Orbital Command  
  149  11:45  Engineering Bay  
  152  11:58  Marine x3, Ghost  
  152  11:59  Marauder  
  159  12:05  Supply Depot  
  159  12:06  Supply Depot  
  159  12:10  Ghost  
  161  12:17  Marine x3  
  161  12:20  Ghost, Terran Infantry Armor Level 2  
  166  12:23  Refinery  
  166  12:27  Ghost  
  168  12:39  Ghost, Marine x2  
  168  12:41  Command Center  
  172  12:48  Ghost  
  172  12:49  Marine  
  172  12:55  Ghost  
  127  13:07  Ghost  
  127  13:12  SCV x2  
  126  13:18  Marine x3, Ghost  
  126  13:19  Widow Mine  
  135  13:20  Widow Mine  
  135  13:24  SCV x2, Ghost  
  135  13:26  Supply Depot  
  139  13:36  SCV x2, Ghost  
  139  13:40  Marine  
  139  13:41  Marine  
  144  13:46  Ghost  
  144  13:48  SCV x2, Marine  
  148  13:51  Marine  
  148  13:53  Marauder  
  150  13:58  Marine  
  150  14:00  SCV x2, Planetary Fortress  
  153  14:05  Marauder  
  153  14:09  SCV  
  156  14:12  SCV x2, Marine x2  
  156  14:15  Marauder, Ghost  
  163  14:22  Barracks x2  
  163  14:23  Starport  
  163  14:26  Liberator, Marauder  
  165  14:32  Fusion Core  
  165  14:34  Marine x2  
  165  14:35  Marine  
  168  14:39  Missile Turret  
  168  14:44  Liberator  
  171  14:47  Terran Ship Weapons Level 1  
  171  14:52  Refinery  
  171  15:01  Starport Tech Lab  
  171  15:07  Starport  
  173  15:09  Marine x2  
  173  15:10  Barracks Tech Lab x2, Marine x2  
  177  15:18  Refinery  
  176  15:23  Ghost x2  
  176  15:27  Ghost, Marine  
  156  15:44  Nuke  
  136  15:52  Ghost  
  125  15:57  Ghost, Marine  
  125  15:58  Marine  
  127  16:19  Orbital Command  
  120  16:38  Orbital Command  
  100  16:43  Marine  
  81  17:02  SCV  
  82  17:21  Marine  
  83  17:27  SCV  
  78  17:54  Ghost  
  80  18:03  Marine  
  80  18:14  Marauder  
  77  18:35  Ghost  
Tags
 
Add a new tag
Caveats
  • Supply blocks, unpowered buildings, or Contaminate may cause inaccurate times.
  • Supply counts are checked every 10 seconds.